[Event "Titled Tuesday Blitz May 9 Late 2023"]
[White "Seemann, Jakub"]
[Black "Kamsky, Gata"]
[WhiteFideId "21874697"]
[BlackFideId "2000024"]
[WhiteElo "2364"]
[BlackElo "2660"]
[Result "1/2-1/2"]
[Round "09"]
[TimeControl "180+2"]
[Date "2023.05.09"]
[WhiteClock "0:00:04"]
[BlackClock "0:00:34"]

1. e4 b6 2. d4 Bb7 3. Nc3 e6 4. f4 Bb4 5. Bd3 Qh4+ 6. g3 Qe7 7. Nf3 Nf6 8. Qe2 d5 9. e5 Ne4 10. Bd2 Nxd2 11. Nxd2 Bxc3 12. bxc3 g6 13. Nf3 Qa3 14. Qd2 Ba6 15. O-O Nc6 16. Kg2 Bxd3 17. cxd3 Na5 18. Rab1 h6 19. Qc2 c5 20. dxc5 Qxc5 21. Nd4 O-O 22. Qd2 Kh7 23. Rfc1 Rac8 24. h4 Nc6 25. Nb5 h5 26. Nd6 Rc7 27. Rb5 Qa3 28. Rb3 Qa6 29. c4 Na5 30. Rbc3 dxc4 31. dxc4 Rc5 32. Kh2 Nb7 33. Ne4 Rd8 34. Qe3 Rc7 35. f5 exf5 36. Nf6+ Kg7 37. Qg5 Rh8 38. Re1 Qxa2+ 39. Kh1 Qf2 40. Rce3 Nc5 41. e6 Nxe6 42. Rxe6 fxe6 43. Rxe6 Qf1+ 44. Kh2 Qf2+ 45. Kh1 Kf7 46. Nd5 Qf1+ 47. Kh2 Qf2+ 48. Kh1 Qf1+ 49. Kh2 Qf2+ 50. Kh1 1/2-1/2


[Site "https://www.chess.com"]

[Event "Titled Tuesday Blitz May 9 Late 2023"]
[White "Tari, Aryan"]
[Black "Hjartarson, Johann"]
[WhiteFideId "1510045"]
[BlackFideId "2300044"]
[WhiteElo "2571"]
[BlackElo "2407"]
[Result "1-0"]
[Round "09"]
[TimeControl "180+2"]
[Date "2023.05.09"]
[WhiteClock "0:00:05"]
[BlackClock "0:00:00"]

1. e4 c5 2. Nc3 Nc6 3. f4 g6 4. Nf3 Bg7 5. Bb5 Nd4 6. O-O e6 7. e5 a6 8. Bd3 d5 9. Nxd4 cxd4 10. Ne2 Ne7 11. Nxd4 Qb6 12. c3 Nc6 13. Qe1 Nxd4 14. Qe3 Bd7 15. cxd4 Rc8 16. b3 Bf8 17. Bb2 Be7 18. Bc3 Bb5 19. Rf3 Kd7 20. Bc2 a5 21. g4 h5 22. g5 Rc6 23. h4 Rhc8 24. Kg2 Bb4 25. Qe1 Qa6 26. a4 Be2 27. Re3 Bg4 28. Bd3 Qb6 29. Bb5 Bf5 30. Bxb4 axb4 31. Bxc6+ Rxc6 32. Rc1 Qxd4 33. Kg3 Qb2 34. Rxc6 bxc6 35. a5 Qa3 36. d4 Qxa5 37. Qc1 Be4 38. Re2 Qa7 39. Rd2 Kc7 40. Qc5 Qxc5 41. dxc5 Kb7 42. Ra2 Bd3 43. Kf2 Bb5 44. Ke3 Kb8 45. Kd4 Kb7 46. f5 1-0


[Site "https://www.chess.com"]

[Event "Titled Tuesday Blitz May 9 Late 2023"]
[White "Mortazavi, Ali"]
[Black "Fernandez Guillen, Ernesto J."]
[WhiteFideId "401323"]
[BlackFideId "3512428"]
[WhiteElo "2339"]
[BlackElo "2429"]
[Result "1-0"]
[Round "09"]
[TimeControl "180+2"]
[Date "2023.05.09"]
[WhiteClock "0:00:13"]
[BlackClock "0:00:30"]

1. Nf3 Nf6 2. g3 g6 3. Bg2 Bg7 4. O-O O-O 5. d3 d5 6. Nbd2 c6 7. e4 Qc7 8. Re1 e6 9. c3 c5 10. exd5 exd5 11. Nb3 b6 12. Bf4 Qd8 13. d4 c4 14. Nbd2 Bb7 15. Ne5 Qc8 16. a4 Nc6 17. Nxc6 Bxc6 18. Be5 Re8 19. a5 b5 20. h3 a6 21. Nf1 Qb7 22. Ne3 Rad8 23. b4 Ne4 24. Bxg7 Kxg7 25. Qc1 Re7 26. Ng4 Rde8 27. Qh6+ Kh8 28. Rxe4 f6 29. Rxe7 Qxe7 30. Kh2 Qf7 31. Bf3 Re6 32. Qf4 Kg7 33. Qh6+ Kh8 34. Qf4 Kg7 35. Ra2 h5 36. Qh6+ Kg8 37. Ne3 Re7 38. Re2 Re8 39. Qf4 Kg7 40. Qd6 Re6 41. Qf4 Re8 42. h4 Bb7 43. Ng2 Rxe2 44. Bxe2 Qe7 45. Bf3 Bc6 46. Ne3 Qd7 47. g4 hxg4 48. Nxg4 Qe7 49. Qh6+ Kf7 50. h5 Qd6+ 51. Kg2 gxh5 52. Ne5+ Ke6 53. Bxh5 Bb7 54. Bg4+ Ke7 55. Qg7+ Ke8 56. Qg8+ Ke7 57. Qf7+ Kd8 58. Ng6 Bc6 59. Qf8+ Kc7 60. Qxd6+ Kxd6 61. Kf3 Be8 62. Bf5 Bc6 63. Kf4 Be8 64. Bc2 Bd7 65. Nh4 Bh3 66. Bf5 Bf1 67. Bc8 Kc7 68. Bxa6 Kc6 69. Bc8 Kc7 70. Be6 Kc6 71. Kf5 Bd3+ 72. Kxf6 Be4 73. f4 1-0


[Site "https://www.chess.com"]

[Event "Titled Tuesday Blitz May 9 Late 2023"]
[White "Annaberdiyev, Meylis"]
[Black "Mekhitarian, Krikor Sevag"]
[WhiteFideId "14000563"]
[BlackFideId "2107660"]
[WhiteElo "2416"]
[BlackElo "2604"]
[Result "1-0"]
[Round "09"]
[TimeControl "180+2"]
[Date "2023.05.09"]
[WhiteClock "0:00:05"]
[BlackClock "0:00:03"]

1. e4 e6 2. d4 d5 3. e5 c5 4. Nf3 Nc6 5. Bd3 cxd4 6. O-O Nge7 7. Nbd2 Nf5 8. Nb3 Be7 9. Re1 O-O 10. Bxf5 exf5 11. Nbxd4 Nxd4 12. Nxd4 Be6 13. Qd3 Qd7 14. Qg3 Kh8 15. Bg5 Bc5 16. Rad1 Rac8 17. c3 b5 18. Qh4 Rfe8 19. Rd3 Bf8 20. Rg3 h6 21. Ree3 b4 22. Bf6 gxf6 23. Qxf6+ Kh7 24. Nf3 Rc4 25. Ng5+ hxg5 26. Rxg5 Rh4 27. Reg3 Qe7 28. Rg7+ Kh8 29. Rg8+ Kh7 30. Rh8# 1-0


[Site "https://www.chess.com"]

[Event "Titled Tuesday Blitz May 9 Late 2023"]
[White "Naroditsky, Daniel"]
[Black "Santos Ruiz, Miguel"]
[WhiteFideId "2026961"]
[BlackFideId "22291482"]
[WhiteElo "2633"]
[BlackElo "2499"]
[Result "1/2-1/2"]
[Round "09"]
[TimeControl "180+2"]
[Date "2023.05.09"]
[WhiteClock "0:00:10"]
[BlackClock "0:00:15"]

1. e4 e5 2. Nf3 Nc6 3. Bb5 Nf6 4. O-O Nxe4 5. d4 Nd6 6. Ba4 e4 7. Ne5 g6 8. Nc3 Bg7 9. Bf4 O-O 10. Re1 Re8 11. Nxe4 Nxe4 12. Rxe4 Qe7 13. Re3 Nxe5 14. Bxe5 Bxe5 15. dxe5 Qc5 16. Qe2 a6 17. Rd1 b5 18. Bb3 Re7 19. Qf3 Rb8 20. h4 Rb6 21. Rd5 Qc6 22. h5 gxh5 23. Qxh5 Qh6 24. Qf5 Rg6 25. Rd4 Qg7 26. g3 Rg5 27. Qf4 Rgxe5 28. Bxf7+ Kh8 29. Rxe5 Qxe5 30. Bb3 Qxf4 31. Rxf4 Kg7 32. f3 d6 33. Kf2 c5 34. Bd5 Be6 35. Re4 Kf6 36. Bxe6 Rxe6 37. Rh4 Kg6 38. Rg4+ Kf6 39. Rg8 d5 40. Rd8 d4 41. Rd5 Rc6 42. f4 Kg6 43. g4 a5 44. Kf3 a4 45. a3 b4 46. axb4 cxb4 47. Rxd4 Rxc2 48. Rxb4 a3 49. Rb6+ Kg7 50. Rb7+ Kg8 51. bxa3 Rc3+ 52. Ke4 Rxa3 53. Kf5 Ra6 54. Kg5 Rg6+ 55. Kh5 Rf6 56. f5 Rd6 57. g5 Rd1 58. Rb8+ Kg7 59. f6+ Kf7 60. Rb7+ Kg8 61. Rg7+ Kh8 62. Re7 Kg8 63. Kg4 Rg1+ 64. Kf4 Rf1+ 65. Ke5 Re1+ 66. Kd6 Rd1+ 67. Kc7 Rg1 68. Rg7+ Kf8 69. Kd6 Rd1+ 70. Ke6 Re1+ 71. Kf5 Rf1+ 72. Ke4 Re1+ 73. Kf3 Rg1 74. Kf2 Rg4 75. Kf3 Rg1 76. Kf4 Rf1+ 77. Ke5 Re1+ 78. Kd4 Rd1+ 79. Ke3 Rg1 80. Ke2 Rg4 81. Kf2 Rh4 82. Kg3 Rh1 83. Kg2 Rh5 84. Kf3 h6 85. g6 Rf5+ 86. Kg4 Rxf6 87. Ra7 Rxg6+ 88. Kf5 Rb6 89. Kg4 Ke8 90. Kh5 Kd8 91. Rh7 Rb5+ 92. Kxh6 Rb6+ 93. Kg7 Rd6 94. Kg8 Rd7 95. Rh8 Re7 96. Rh7 Re8+ 97. Kg7 Re7+ 98. Kg6 Rxh7 99. Kxh7 1/2-1/2


[Site "https://www.chess.com"]

[Event "Titled Tuesday Blitz May 9 Late 2023"]
[White "Pichot, Alan"]
[Black "Klukin, Kirill"]
[WhiteFideId "110973"]
[BlackFideId "24199273"]
[WhiteElo "2573"]
[BlackElo "2344"]
[Result "1-0"]
[Round "09"]
[TimeControl "180+2"]
[Date "2023.05.09"]
[WhiteClock "0:00:03"]
[BlackClock "0:00:02"]

1. e4 c5 2. Nf3 g6 3. d4 cxd4 4. Nxd4 Bg7 5. c4 Nc6 6. Be3 Nf6 7. Nc3 O-O 8. Be2 d6 9. O-O Bd7 10. h3 Nxd4 11. Bxd4 Bc6 12. Qc2 a5 13. Rad1 a4 14. c5 Qa5 15. cxd6 exd6 16. Rfe1 Rfe8 17. Bf1 Rac8 18. Qb1 Qb4 19. a3 Qa5 20. Bc4 b5 21. Ba2 b4 22. axb4 Qxb4 23. Qd3 Nh5 24. Bxg7 Nxg7 25. Qxd6 Qxb2 26. Nd5 Bxd5 27. Bxd5 Ne6 28. Ra1 Nc5 29. Ra2 Qc3 30. Re3 Qg7 31. Rf3 Nxe4 32. Qf4 Nc3 33. Bxf7+ Kh8 34. Bxe8 Nxa2 35. Qxa4 Nc3 36. Qd7 Qxd7 37. Bxd7 Rd8 38. Rf7 Ne4 39. Bc6 Nd6 40. Ra7 Nf5 41. Be4 Ng7 42. g4 Ne6 43. Kg2 Ng5 44. Bc2 Ne6 45. Kg3 Nd4 46. Be4 Rf8 47. f3 Ne6 48. h4 Nf4 49. h5 gxh5 50. Rxh7+ Kg8 51. g5 Ne6 52. Rxh5 Kg7 53. Rh7+ Kg8 54. g6 Nf4 55. Kg4 Rf6 56. Kg5 Rf8 57. Ra7 Ne6+ 58. Kh6 Nf4 59. g7 Rf6+ 60. Kg5 Rf7 61. Rxf7 Ne6+ 62. Kf6 1-0


[Site "https://www.chess.com"]

[Event "Titled Tuesday Blitz May 9 Late 2023"]
[White "Grigoriants, Sergey"]
[Black "Prohaszka, Peter"]
[WhiteFideId "4130804"]
[BlackFideId "726265"]
[WhiteElo "2502"]
[BlackElo "2626"]
[Result "1-0"]
[Round "09"]
[TimeControl "180+2"]
[Date "2023.05.09"]
[WhiteClock "0:00:11"]
[BlackClock "0:00:00"]

1. d4 d5 2. c4 e6 3. Nc3 a6 4. cxd5 exd5 5. Nf3 Nf6 6. Bg5 Be6 7. e3 c6 8. Qb3 b5 9. Qc2 h6 10. Bh4 Nbd7 11. Be2 g5 12. Bg3 Nh5 13. O-O Nxg3 14. hxg3 f5 15. Bd3 Qf6 16. a4 b4 17. Ne2 Rc8 18. Bxa6 Rc7 19. a5 Bd6 20. Bd3 Kf7 21. a6 h5 22. a7 Ra8 23. Ra6 Ke7 24. Rxc6 Raxa7 25. Rc1 h4 26. gxh4 gxh4 27. Nf4 Rxc6 28. Qxc6 Rc7 29. Qxc7 Bxc7 30. Rxc7 Kd8 31. Rc6 Nf8 32. Rd6+ Kc8 33. Ne5 Kb8 34. Rxe6 Qg7 35. Re8+ Kb7 36. Bxf5 Nh7 37. Nxd5 Ka6 38. Bd3+ 1-0


[Site "https://www.chess.com"]

[Event "Titled Tuesday Blitz May 9 Late 2023"]
[White "Peng, Li Min"]
[Black "Bitoon, Richard"]
[WhiteFideId "14112620"]
[BlackFideId "5201110"]
[WhiteElo "2436"]
[BlackElo "2374"]
[Result "1-0"]
[Round "09"]
[TimeControl "180+2"]
[Date "2023.05.09"]
[WhiteClock "0:01:58"]
[BlackClock "0:00:04"]

1. e4 e5 2. Nf3 Nc6 3. Nc3 Nf6 4. h3 Bb4 5. Nd5 Bc5 6. c3 O-O 7. d3 h6 8. b4 Bd6 9. Nxf6+ Qxf6 10. g4 Qd8 11. g5 h5 12. Bg2 g6 13. O-O Re8 14. Nh4 a5 15. b5 Na7 16. a4 c6 17. Qb3 cxb5 18. axb5 Kg7 19. Qd5 Bc7 20. f4 exf4 21. Bxf4 Bxf4 22. Rxf4 Qb6+ 23. Kh1 Qe6 24. Qd4+ Qe5 25. Qf2 Re7 26. Rf1 Qe6 27. Rf6 Qb3 28. Nxg6 fxg6 29. Rxg6+ Kh7 30. Rh6+ 1-0


[Site "https://www.chess.com"]

[Event "Titled Tuesday Blitz May 9 Late 2023"]
[White "Krzyzanowski, Marcin"]
[Black "Gritsenko, Nikolai"]
[WhiteFideId "1132199"]
[BlackFideId "14112493"]
[WhiteElo "2471"]
[BlackElo "2389"]
[Result "1-0"]
[Round "09"]
[TimeControl "180+2"]
[Date "2023.05.09"]
[WhiteClock "0:00:09"]
[BlackClock "0:00:00"]

1. Nf3 c5 2. e4 Nf6 3. d3 Nc6 4. Nbd2 d5 5. Be2 e6 6. O-O Be7 7. Re1 O-O 8. Bf1 b5 9. e5 Nd7 10. c3 b4 11. d4 bxc3 12. bxc3 c4 13. h4 Rb8 14. h5 h6 15. Nh2 f5 16. exf6 Nxf6 17. g3 Bd6 18. f4 Qa5 19. Re3 Bd7 20. Bh3 Rfe8 21. Ng4 Nxg4 22. Bxg4 Ba3 23. Nf3 Bb2 24. Bxb2 Rxb2 25. Qe1 Kf7 26. a4 Qb6 27. a5 Qb3 28. Rc1 Qa2 29. Nh4 Qxa5 30. Re2 Rxe2 31. Qxe2 Qb6 32. Qc2 Ne7 33. Qh7 Qb2 34. Rc2 Qb1+ 35. Kh2 Ba4 36. Bxe6+ Kf6 37. Bf5 Bxc2 38. Bxc2 Qe1 39. Nf5 Qd2+ 40. Kh3 Nxf5 41. Qxf5+ Ke7 42. Qe5+ Kf8 43. Qd6+ Re7 44. Bg6 Qe1 45. Qd8+ Re8 46. Qxd5 1-0


[Site "https://www.chess.com"]

[Event "Titled Tuesday Blitz May 9 Late 2023"]
[White "Sattarov, Bobir"]
[Black "Papasimakopoulos, Alexandros"]
[WhiteFideId "14203081"]
[BlackFideId "4244125"]
[WhiteElo "2351"]
[BlackElo "2359"]
[Result "1-0"]
[Round "09"]
[TimeControl "180+2"]
[Date "2023.05.09"]
[WhiteClock "0:00:52"]
[BlackClock "0:00:07"]

1. e4 e6 2. d4 d5 3. e5 Bd7 4. c3 a6 5. h4 Bb5 6. h5 Bxf1 7. Kxf1 h6 8. Nf3 c5 9. g4 Qb6 10. Kg2 Nc6 11. b3 cxd4 12. cxd4 O-O-O 13. Be3 Kb8 14. Nc3 f6 15. Na4 Qc7 16. Rc1 Ba3 17. Rc2 Nge7 18. Qe2 g5 19. exf6 Nc8 20. Ne5 N8a7 21. b4 Qd6 22. Nc5 Bxb4 23. Ncd3 Rhf8 24. Rb1 Rxf6 25. Nxc6+ Nxc6 26. Rxc6 Qxc6 27. Nxb4 Qc4 28. Qxc4 dxc4 29. Nc6+ Kc7 30. Nxd8 b5 31. f4 gxf4 32. Bf2 Kxd8 33. Bh4 1-0


[Site "https://www.chess.com"]

[Event "Titled Tuesday Blitz May 9 Late 2023"]
[White "Pakleza, Zbigniew"]
[Black "Tatarinov, Dmitry"]
[WhiteFideId "1119290"]
[BlackFideId "24160067"]
[WhiteElo "2410"]
[BlackElo "2326"]
[Result "1-0"]
[Round "09"]
[TimeControl "180+2"]
[Date "2023.05.09"]
[WhiteClock "0:00:22"]
[BlackClock "0:00:00"]

1. d4 Nf6 2. Nf3 d5 3. Bf4 c5 4. c3 Qb6 5. Qb3 c4 6. Qc2 g6 7. b3 Bf5 8. Qb2 cxb3 9. axb3 Nc6 10. Nbd2 Bg7 11. e3 O-O 12. h3 Rfc8 13. Be2 Ne4 14. Nxe4 dxe4 15. Nd2 e5 16. Nc4 Qc7 17. Bh2 b5 18. Nd2 b4 19. d5 Nd4 20. cxd4 Qc3 21. Qxc3 bxc3 22. Bxe5 cxd2+ 23. Kxd2 Bxe5 24. dxe5 Rd8 25. Ra5 Rd7 26. Bc4 Re8 27. g4 Be6 28. Kc3 Bxd5 29. Rxd5 Rxd5 30. Bxd5 Rxe5 31. Kd4 Rxd5+ 32. Kxd5 1-0


[Site "https://www.chess.com"]

[Event "Titled Tuesday Blitz May 9 Late 2023"]
[White "Holt, Conrad"]
[Black "Mazurkiewicz, Michal"]
[WhiteFideId "2034387"]
[BlackFideId "1124943"]
[WhiteElo "2592"]
[BlackElo "2054"]
[Result "1-0"]
[Round "09"]
[TimeControl "180+2"]
[Date "2023.05.09"]
[WhiteClock "0:02:24"]
[BlackClock "0:00:16"]

1. d4 Nf6 2. c4 e5 3. dxe5 Ng4 4. Bf4 g5 5. Bd2 Bg7 6. Nf3 h6 7. h4 Nxe5 8. hxg5 Nxf3+ 9. gxf3 Bxb2 10. Nc3 Bxa1 11. Qxa1 Rg8 12. Nd5 Kf8 13. gxh6 f6 14. Nxf6 Rh8 15. Ne4 Rh7 16. Nf6 Qe7 17. Nxh7+ Qxh7 18. Qf6+ 1-0


[Site "https://www.chess.com"]

[Event "Titled Tuesday Blitz May 9 Late 2023"]
[White "Rosen, Eric"]
[Black "Sieciechowicz, Marcin"]
[WhiteFideId "2032562"]
[BlackFideId "1130170"]
[WhiteElo "2331"]
[BlackElo "2302"]
[Result "0-1"]
[Round "09"]
[TimeControl "180+2"]
[Date "2023.05.09"]
[WhiteClock "0:00:00"]
[BlackClock "0:00:18"]

1. d4 Nf6 2. Bf4 d5 3. e3 e6 4. Nf3 Bd6 5. Ne5 O-O 6. Nd2 b6 7. h4 Bb7 8. h5 Ne4 9. Nxe4 dxe4 10. Qg4 Nd7 11. Bh6 Qf6 12. Nxd7 Qxh6 13. Nxf8 Rxf8 14. O-O-O f5 15. Qe2 c5 16. dxc5 Bxc5 17. g3 a5 18. Qb5 Bd5 19. Bc4 Bxc4 20. Qxc4 Qf6 21. Rd7 h6 22. Rhd1 Kh7 23. Rb7 Rf7 24. Rb8 Rf8 25. Rxf8 Bxf8 26. a3 Qf7 27. Qe2 Bc5 28. Kb1 Qc7 29. Qc4 Qf7 30. Qe2 Qc7 31. Rd2 Be7 32. c3 Bf6 33. Qb5 Qf7 34. Qxb6 Qxh5 35. Qxe6 Qh1+ 36. Kc2 Qf3 37. b4 axb4 38. axb4 h5 39. b5 h4 40. gxh4 f4 41. b6 fxe3 42. fxe3 Qxe3 43. Qc6 Qe1 44. b7 e3 45. Qe4+ Kh6 46. b8=Q Qxd2+ 47. Kb3 Qxc3+ 48. Ka2 Qa1+ 49. Kb3 Qb2+ 50. Kc4 Qxb8 51. Qxe3+ Kh7 52. Qe4+ Kh8 53. h5 Qe5 54. Qa8+ Kh7 55. h6 Qc3+ 56. Kb5 Qb3+ 57. Kc5 Qe3+ 58. Kc4 Qxh6 59. Kb3 Qe3+ 0-1


[Site "https://www.chess.com"]

[Event "Titled Tuesday Blitz May 9 Late 2023"]
[White "Kim, Sergey"]
[Black "Demchenko, Anton"]
[WhiteFideId "13700570"]
[BlackFideId "4160258"]
[WhiteElo "2619"]
[BlackElo "2545"]
[Result "0-1"]
[Round "09"]
[TimeControl "180+2"]
[Date "2023.05.09"]
[WhiteClock "0:00:00"]
[BlackClock "0:00:47"]

1. d4 Nf6 2. c4 d6 3. Nc3 e5 4. Nf3 Nc6 5. d5 Ne7 6. e4 Ng6 7. Be2 Be7 8. O-O O-O 9. Ne1 Ne8 10. Nd3 Bg5 11. Bg4 h6 12. g3 Bxc1 13. Rxc1 b6 14. h4 a5 15. Bf5 Ne7 16. Bxc8 Qxc8 17. a3 Qh3 18. Qf3 f5 19. Qg2 Qg4 20. f3 Qg6 21. Rce1 Nf6 22. Qh3 Rf7 23. Kh2 Raf8 24. f4 fxe4 25. f5 Ng4+ 26. Kg1 Nxf5 27. Nxe4 Nfe3 28. Rxf7 Rxf7 29. Ndf2 Nxf2 30. Nxf2 Nc2 31. Rf1 Nd4 32. Qg4 Qf6 33. Kg2 a4 34. h5 Rf8 35. Qe4 Qf7 36. Qg4 b5 37. cxb5 Nxb5 0-1


[Site "https://www.chess.com"]

[Event "Titled Tuesday Blitz May 9 Late 2023"]
[White "Kobo, Ori"]
[Black "MKlose11"]
[WhiteFideId "2812320"]
[WhiteElo "2454"]
[BlackElo "2609"]
[Result "0-1"]
[Round "09"]
[TimeControl "180+2"]
[Date "2023.05.09"]
[WhiteClock "0:00:01"]
[BlackClock "0:00:08"]

1. d4 Nf6 2. c4 c5 3. d5 b5 4. Nf3 bxc4 5. Nc3 g6 6. e4 d6 7. Bxc4 Bg7 8. O-O O-O 9. h3 Ba6 10. Bxa6 Nxa6 11. Qe2 Nc7 12. Rd1 Nd7 13. Bf4 Rb8 14. Rab1 f6 15. Nd2 Qc8 16. h4 Qa6 17. Qe3 Nb5 18. Nxb5 Rxb5 19. b3 Rb7 20. a4 Rfb8 21. h5 Rb4 22. h6 Bf8 23. Qh3 Qc8 24. Nc4 Nb6 25. Qxc8 Nxc8 26. f3 Rxb3 27. Rxb3 Rxb3 28. Na5 Ra3 29. Rb1 Nb6 30. Nc6 Rxa4 31. Nxa7 Rxa7 32. Rxb6 g5 33. Be3 Bxh6 34. Kf2 Kf7 35. g3 Bg7 36. f4 gxf4 37. gxf4 f5 38. e5 dxe5 39. fxe5 Bxe5 40. Bxc5 Rd7 41. Rh6 Rxd5 42. Ba3 Bd4+ 43. Kf3 Bc5 44. Bxc5 Rxc5 45. Rxh7+ Ke6 46. Rh6+ Ke5 47. Rh7 Rc3+ 48. Ke2 e6 49. Rh4 Kd5 50. Ra4 e5 51. Ra5+ Kd4 52. Ra4+ Rc4 53. Ra5 Ke4 54. Ra3 f4 55. Kf2 Rc2+ 56. Ke1 Kf5 57. Rh3 e4 58. Rh8 Kg4 59. Kd1 Ra2 60. Ke1 Kg3 61. Rg8+ Kf3 62. Rh8 Ra1+ 63. Kd2 e3+ 64. Kd3 Rd1+ 65. Kc2 e2 66. Rh3+ Kg2 67. Re3 e1=Q 0-1


[Site "https://www.chess.com"]

[Event "Titled Tuesday Blitz May 9 Late 2023"]
[White "Rorrer, Grayson"]
[Black "Kleiman, Jake"]
[WhiteFideId "30944996"]
[BlackFideId "2020041"]
[WhiteElo "2200"]
[BlackElo "2604"]
[Result "0-1"]
[Round "09"]
[TimeControl "180+2"]
[Date "2023.05.09"]
[WhiteClock "0:00:00"]
[BlackClock "0:00:06"]

1. d4 Nf6 2. Nc3 d5 3. Bf4 e6 4. e3 Bd6 5. Bxd6 Qxd6 6. Bd3 O-O 7. Nf3 c5 8. O-O b6 9. Ne5 Ba6 10. Nb5 Bxb5 11. Bxb5 Nfd7 12. f4 f6 13. Nf3 Nc6 14. c3 Rad8 15. a4 e5 16. fxe5 fxe5 17. e4 exd4 18. exd5 Qxd5 19. Bxc6 Qxc6 20. cxd4 c4 21. Qc2 Qd5 22. Rae1 a6 23. Re7 b5 24. axb5 axb5 25. Qe2 h6 26. Re1 Rc8 27. Qe3 b4 28. Nh4 Rc6 29. Qg3 Rf7 30. Re8+ Nf8 31. Ng6 Rcf6 32. Ne7+ Rxe7 33. R8xe7 Rg6 34. Qf2 c3 35. Re8 Qd6 36. bxc3 bxc3 0-1


[Site "https://www.chess.com"]

[Event "Titled Tuesday Blitz May 9 Late 2023"]
[White "Ismagilov, Damir"]
[Black "Bryakin, Mikhail"]
[WhiteFideId "34199982"]
[BlackFideId "4165314"]
[WhiteElo "2143"]
[BlackElo "2467"]
[Result "1-0"]
[Round "09"]
[TimeControl "180+2"]
[Date "2023.05.09"]
[WhiteClock "0:00:19"]
[BlackClock "0:00:07"]

1. f4 g5 2. fxg5 e5 3. d4 e4 4. d5 Bg7 5. Nc3 Qe7 6. Nh3 Na6 7. g3 d6 8. Bg2 Nc5 9. O-O a5 10. Nf4 Bd7 11. Nh5 Be5 12. Nxe4 Nxe4 13. Bxe4 O-O-O 14. Qd3 f6 15. gxf6 Nxf6 16. Bg5 Rdf8 17. Bf5 Bxf5 18. Qxf5+ Kb8 19. Nxf6 Ka8 20. Bh4 Bxb2 21. Rab1 Qe3+ 22. Kh1 Be5 23. Qd3 Qa7 24. Nd7 Rxf1+ 25. Rxf1 Bb2 26. Bf6 Bxf6 27. Rxf6 Re8 28. Rf8 Rxf8 29. Nxf8 Qf2 30. Qf3 Qe1+ 31. Kg2 Qa1 32. Ne6 Qxa2 33. Nxc7+ Ka7 34. Nb5+ Kb6 35. Nxd6 Qxc2 36. Qe3+ Ka6 37. Qd3+ Qxd3 38. exd3 b5 39. Ne4 a4 40. d6 Kb6 41. Nc3 Kc6 42. d7 Kxd7 43. Nxb5 Kc6 44. Na3 Kc5 45. Kf3 Kb4 46. Nc4 Kc3 47. Ke4 h6 48. g4 a3 49. Nxa3 Kb4 50. d4 1-0


[Site "https://www.chess.com"]

[Event "Titled Tuesday Blitz May 9 Late 2023"]
[White "Leiva, Gianmarco"]
[Black "Komov, Roman"]
[WhiteFideId "3804399"]
[BlackFideId "24175714"]
[WhiteElo "2365"]
[BlackElo "2189"]
[Result "1-0"]
[Round "09"]
[TimeControl "180+2"]
[Date "2023.05.09"]
[WhiteClock "0:00:14"]
[BlackClock "0:00:27"]

1. b3 Nf6 2. Bb2 g6 3. e3 Bg7 4. g4 d5 5. g5 Nh5 6. Bxg7 Nxg7 7. Nf3 Bg4 8. h3 Bxf3 9. Qxf3 e5 10. Qg3 Nd7 11. Nc3 c6 12. h4 Nf5 13. Qg4 Qe7 14. O-O-O O-O-O 15. Bh3 Kb8 16. Qf3 Nxh4 17. Qg3 Nf5 18. Bxf5 gxf5 19. Rh5 Ka8 20. Qh3 d4 21. Ne2 d3 22. Nc3 dxc2 23. Kxc2 Qe6 24. Rh6 Qe7 25. Qxf5 Nc5 26. Rdh1 a5 27. Rxh7 Rxh7 28. Rxh7 Qd6 29. Nb1 e4 30. Rxf7 a4 31. b4 Qd3+ 32. Kc1 Qf1+ 33. Kc2 Nd3 34. Qa5+ Kb8 35. Qxd8+ Ka7 36. Qa5+ Kb8 37. Rf8# 1-0


[Site "https://www.chess.com"]

[Event "Titled Tuesday Blitz May 9 Late 2023"]
[White "Vakhlamov, Igor L."]
[Black "Vlassov, Nikolai"]
[WhiteFideId "24126748"]
[BlackFideId "4103360"]
[WhiteElo "2407"]
[BlackElo "2324"]
[Result "1/2-1/2"]
[Round "09"]
[TimeControl "180+2"]
[Date "2023.05.09"]
[WhiteClock "0:00:09"]
[BlackClock "0:00:15"]

1. e4 Nc6 2. Nc3 Nf6 3. Nf3 d5 4. exd5 Nxd5 5. Bb5 Nxc3 6. bxc3 Bd7 7. O-O a6 8. Ba4 e6 9. d4 Bd6 10. Bg5 f6 11. Bh4 O-O 12. Re1 Na5 13. Bb3 Nxb3 14. cxb3 c5 15. Ne5 cxd4 16. Nxd7 Qxd7 17. Qxd4 Rf7 18. Rad1 Rd8 19. Qe4 Qc7 20. Qxe6 Bxh2+ 21. Kh1 Rxd1 22. Rxd1 Be5 23. c4 h6 24. Rd3 Kh7 25. Bg3 Re7 26. Bxe5 Qxe5 27. Qxe5 Rxe5 28. Rd2 b5 29. Rc2 bxc4 30. bxc4 Rc5 31. g3 Kg6 32. Kg2 Kf5 33. Kf3 Ke5 34. Ke3 h5 35. f4+ Kd6 36. Kd4 Ra5 37. Rb2 Kc6 38. Rh2 Ra3 39. Rxh5 Rxg3 40. Rh7 g5 41. fxg5 Rg4+ 42. Kc3 fxg5 43. Ra7 Kb6 44. Rg7 Rg3+ 45. Kd4 Rg2 46. Rg6+ Kb7 47. c5 Rxa2 48. Rxg5 Rd2+ 49. Kc4 a5 50. Rg7+ Kc6 51. Rg6+ Kc7 52. Kb5 a4 53. Rg7+ Kc8 54. Kxa4 Rb2 55. Ka5 Rb1 56. Ka6 Rb2 57. Rf7 Rb1 58. Rf6 Kc7 59. Rb6 Ra1+ 60. Kb5 Rb1+ 61. Kc4 Rxb6 62. cxb6+ Kxb6 1/2-1/2


[Site "https://www.chess.com"]

[Event "Titled Tuesday Blitz May 9 Late 2023"]
[White "Harshavardhan G B"]
[Black "cryptoguru02"]
[WhiteFideId "25059009"]
[WhiteElo "2323"]
[BlackElo "2590"]
[Result "1/2-1/2"]
[Round "09"]
[TimeControl "180+2"]
[Date "2023.05.09"]
[WhiteClock "0:00:10"]
[BlackClock "0:00:07"]

1. d4 d5 2. c4 c6 3. Nf3 Nf6 4. Nc3 e6 5. Bg5 h6 6. Bh4 dxc4 7. e4 g5 8. Bg3 b5 9. Be2 Nbd7 10. d5 Bb7 11. dxe6 fxe6 12. h4 Rg8 13. hxg5 hxg5 14. Nd4 Qe7 15. e5 Nd5 16. Ne4 O-O-O 17. Nd6+ Kb8 18. a4 a6 19. Qd2 Nf4 20. Nxb7 Kxb7 21. axb5 cxb5 22. Qa5 Ra8 23. Bf3+ Nd5 24. Nxb5 Qb4+ 25. Nc3 Qxa5 26. Rxa5 Nb6 27. Nxd5 exd5 28. Rxd5 Bb4+ 29. Ke2 Nxd5 30. Bxd5+ Kb6 31. Rh6+ Kc5 32. Bxg8 Rxg8 33. Rxa6 Rd8 34. e6 Kb5 35. Ra7 Re8 36. Rb7+ Ka4 37. Rb6 Bc5 38. Rb8 Rxe6+ 39. Kf3 Bd4 40. Kg4 Re2 41. Kxg5 Bxb2 42. Kg4 c3 43. Kf3 Re6 44. Bf4 Rc6 45. g4 Ka3 46. g5 c2 47. Kg2 c1=Q 48. Bxc1 Bxc1 49. Rb5 Rg6 50. Kf3 Bxg5 51. Ke4 Bd8 52. f4 Rf6 53. f5 Rf8 54. Rb8 Ka4 55. Rb1 Ka5 56. Ke5 Ka6 57. Ke6 Rf6+ 58. Ke5 Rf8 59. Ke6 Rf6+ 60. Ke5 Rf8 1/2-1/2


[Site "https://www.chess.com"]

[Event "Titled Tuesday Blitz May 9 Late 2023"]
[White "Bruedigam, Martin"]
[Black "Nazari, Arad"]
[WhiteFideId "24608033"]
[BlackFideId "12577324"]
[WhiteElo "2331"]
[BlackElo "2175"]
[Result "0-1"]
[Round "09"]
[TimeControl "180+2"]
[Date "2023.05.09"]
[WhiteClock "0:00:02"]
[BlackClock "0:00:06"]

1. d4 Nf6 2. c4 g6 3. f3 Nc6 4. Nc3 d5 5. e4 dxe4 6. d5 Ne5 7. fxe4 Bg7 8. Nf3 Nxf3+ 9. gxf3 Nh5 10. Be3 e6 11. Qd2 exd5 12. cxd5 O-O 13. O-O-O Qe7 14. Bc4 Bh3 15. Rhg1 a6 16. Kb1 b5 17. Be2 Rfd8 18. Rg5 b4 19. Na4 Bd7 20. Nc5 Bb5 21. Rxh5 Bxe2 22. Qxe2 gxh5 23. Rg1 Kf8 24. Nd3 Qf6 25. Bc5+ Kg8 26. Qe3 Kh8 27. f4 Rg8 28. e5 Qf5 29. Bxb4 Bh6 30. Rf1 Rg2 31. Bc3 Bg7 32. a3 Rb8 33. Ka1 Rxh2 34. Qf3 Rh3 35. Qg2 Rxd3 36. Rg1 Rg8 37. e6 Rxc3 38. exf7 Qxf7 39. bxc3 Bxc3+ 0-1


[Site "https://www.chess.com"]